 Dungeon Crawl Stone Soup version 0.28-a0-662-g1651b1f1e0 (webtiles) character file.

Game seed: 16201723657999112232

113 flotson the Sneak (level 4, -3/55 HPs)
             Began as a Demonspawn Delver on Oct 14, 2021.
             Slain by Duvessa (8 damage)
             ... on level 3 of the Dungeon.
             The game lasted 00:05:03 (3559 turns).

flotson the Sneak (Demonspawn Delver)               Turns: 3559, Time: 00:05:03

Health: -3/55      AC: 22    Str: 14    XL:     4   Next: 65%
Magic:  4/4        EV:  2    Int: 13    God:
Gold:   50         SH:  0    Dex: 14    Spells: 3/3 levels left

rFire   + . .      SeeInvis +   a - +0 flail
rCold   . . .      Faith    .   (no shield)
rNeg    . . .      Spirit   .   (armour currently unavailable)
rPois   +          Reflect  .   (helmet currently unavailable)
rElec   .          Harm     .   (cloak currently unavailable)
rCorr   .          Rampage  .   (gloves currently unavailable)
Will    .....      NoTele   +   (boots currently unavailable)
Stlth   +++.......              (no amulet)
HPRegen 0.18/turn               n - ring of protection from fire
MPRegen 0.09/turn               u - ring of see invisible

@: tree-form
A: stationary, stasis, torment immunity, boosted hp, big brain 1
a: no special abilities


You were on level 3 of the Dungeon.
You were a tree.
You visited 1 branch of the dungeon, and saw 5 of its levels.

You collected 50 gold pieces.

Inventory:

Hand Weapons
 a - a +0 flail (weapon)
 b - a +0 hunting sling
 h - a +0 hand axe
 l - a +0 arbalest
Missiles
 s - 9 boomerangs (quivered)
Armour
 i - a +0 scale mail (melded)
Jewellery
 n - a ring of protection from fire (left branch)
 u - a ring of see invisible (right branch)
Wands
 g - a wand of digging (3)
Scrolls
 c - a scroll of fog
 d - a scroll of magic mapping
 e - a scroll of fear
 f - a scroll of immolation {unknown}
 j - 3 scrolls of enchant weapon {unknown}
 k - a scroll of identify {unknown}
 p - 4 scrolls of teleportation {unknown}


   Skills:
 + Level 3.6 Fighting
 + Level 2.5 Axes
 + Level 1.0 Throwing
 + Level 1.6 Armour
 + Level 2.5 Dodging
 - Level 4.5 Stealth


You had 3 spell levels left.
You didn't know any spells.
Your spell library contained the following spells:

 Spells                   Type           Power      Damage    Failure   Level
 Foxfire                  Conj/Fire      0%         2x1d4     30%         1
 Corpse Rot               Necr/Air       N/A        N/A       43%         2
 Conjure Flame            Conj/Fire      0%         6-21      67%         3
 Inner Flame              Hex/Fire       0%         N/A       67%         3
 Tukima's Dance           Hex            0%         N/A       67%         3
 Dispel Undead            Necr           0%         3d6       97%         4
 Flame Wave               Conj/Fire      0%         3d3       97%         4
 Passage of Golubria      Tloc           N/A        N/A       97%         4
 Yara's Violent Unravell  Hex/Tmut       0%         3d3       100%        5
 Death Channel            Necr           0%         N/A       100%        6


Dungeon Overview and Level Annotations

Branches:
Dungeon (5/15)
 Temple: D:4-7

Altars:
Qazlal

Shops:
D:3 [

Annotations:
D:3 Dowan; Duvessa
D:5 3 runed translucent doors, mdk's ghost, novice OpCj


Innate Abilities, Weirdness & Mutations

You are a tree.
Your roots penetrate the ground, keeping you stationary.
You cannot be teleported.
You are immune to unholy pain and torment.
Your maximum health is greatly increased.
Your equipment is partially melded.
You have an unusually large brain. (Int +2)


Message History

Aim: Duvessa, wielding a +0 short sword and wearing a +0 leather armour (severely wounded, fast, 63% to hit)
You shoot a sling bullet.
The sling bullet hits Duvessa but does no damage.
Duvessa is severely wounded.
Duvessa hits you with a +0 short sword.
* * * LOW HITPOINT WARNING * * *
Duvessa hits you with a +0 short sword.
* * * LOW HITPOINT WARNING * * *
Unknown command.
It was a potion of lignification.
You turn into a tree.
Your +0 scale mail melds into your body.
Your roots penetrate the ground.
Duvessa hits you but does no damage.
Dowan casts a spell.
Dowan blinks!
Duvessa hits you but does no damage.
Fire: sling bullet
Press: ? - help, Q - select action, (/) - cycle Shift-Dir - straight line, f/p - Duvessa
Aim: Duvessa, wielding a +0 short sword and wearing a +0 leather armour (severely wounded, fast, 63% to hit)
You shoot a sling bullet. The sling bullet hits Duvessa.
Duvessa is severely wounded.
Duvessa hits you but does no damage. Duvessa completely misses you.
Unknown command.
Unknown command.
Okay, then.
a - a +0 flail (weapon)
You barely miss Duvessa.
Duvessa is severely wounded.
Duvessa says, "My weaknesses are his strengths!"
Duvessa hits you but does no damage. x2
You closely miss Duvessa.
Duvessa is severely wounded.
Duvessa hits you with a +0 short sword.
* * * LOW HITPOINT WARNING * * *
Duvessa says, "Beauty is only skin deep, and my weapons penetrate much further than that."
Duvessa hits you but does no damage.
You closely miss Duvessa.
Duvessa is severely wounded.
Duvessa hits you with a +0 short sword.
* * * LOW HITPOINT WARNING * * *
Duvessa hits you with a +0 short sword!
You die...

############
#..........#
#..........#
#..........#
#..........#
#########.#.#
###.#######[#e####
..............(e♣#
###.#.♣.♣...######
###...._..#[#
.(>...♣.♣.#.#
###.#.....#.#
###.###...#.#
.........##.#
###.###..##.#
#.###.....#


You could see Duvessa (fast) and Dowan.

Vanquished Creatures
  3 adders (D:2)
  2 worms
  A dart slug (D:3)
  8 orcs
  2 endoplasms
  4 giant cockroaches
  A goblin (D:3)
  5 hobgoblins
  3 quokkas
  8 ball pythons
  A bat (D:1)
  5 frilled lizards
  5 kobolds
  4 rats (D:1)
52 creatures vanquished.

Vanquished Creatures (others)
  An orc wizard (D:3)
1 creature vanquished.

Grand Total: 53 creatures vanquished

Notes
Turn   | Place    | Note
-------+----------+-------------------------------------------
     0 | D:5      | flotson the Demonspawn Delver began the quest for the Orb.
     0 | D:5      | Reached XP level 1. HP: 18/18 MP: 1/1
    34 | D:5      | Found a runed translucent gate.
    34 | D:5      | Noticed an orc priest
    35 | D:5      | Found a runed translucent gate.
    35 | D:5      | Noticed mdk's ghost (novice OpCj)
    36 | D:5      | Found a runed translucent gate.
    36 | D:5      | Noticed an orc priest
    40 | D:5      | Noticed a sky beast
   532 | D:3      | Gained mutation: You have an unusually large brain. (Int
                  | +2) [demonic ancestry]
   532 | D:3      | Reached XP level 2. HP: 24/24 MP: 2/2
  1078 | D:1      | Reached skill level 1 in Armour
  1129 | D:1      | Reached XP level 3. HP: 29/29 MP: 3/3
  2402 | D:2      | Reached XP level 4. HP: 15/35 MP: 4/4
  2732 | D:3      | Found Leone's Armour Shop.
  2778 | D:3      | Found a faded altar of an unknown god.
  3046 | D:3      | Found a stormy altar of Qazlal.
  3235 | D:4      | Reached skill level 1 in Throwing
  3496 | D:4      | Noticed an ogre
  3535 | D:4      | Noticed Dowan
  3538 | D:4      | Noticed Duvessa
  3559 | D:3      | Slain by Duvessa

Illustrated notes

Levels and vault maps discovered:
D:1:      psy_arrival_conway, layout_basic, minmay_misc_feat_hallway
D:2:      layout_rooms, grunt_ministairs_3, kennysheep_another_room
D:3:      layout_basic, mainiacjoe_overflow_chevrons, serial_shops,
          nicolae_diamond_shop, chequers_ecumenical_altar_simple
D:4:      layout_loops_ring, uniq_duvessa, uniq_edmund
D:5:      layout_loops_cross, pdpol_temple_overflow_zin_treasury_gozag_greed,
          led_xom_imps, mainiacjoe_overflow_24_doors, biasface_ghost_orc_armoury

Skill      XL: |  1  2  3  4 |
---------------+-------------+-----
Axes           | 2 |  2.5
Dodging        | 2 |  2.5
Armour         | 1 |  1.6
Throwing       | 1 |  1.0
Fighting       | |  3.6
Stealth        | |  4.5

Action                   |  1- 3 |  4- 6 || total
-------------------------+-------+-------++-------
Melee: Flail             |    41 |    35 ||    76
 Fire: Hunting sling     |   109 |    36 ||   145
  Use: Potion            |     5 |     1 ||     6
 Stab: Sleeping          |       |     1 ||     1
Armor: Leather armour    |     3 |       ||     3
       Scale mail        |    54 |    14 ||    68
       Skin              |       |     6 ||     6
Dodge: Dodged            |    71 |    26 ||    97

Table legend: (Time is in decaauts)
 A = Elapsed time spent in this place.
 B = Non-inter-level travel time spent in this place.
 C = Inter-level travel time spent in this place.
 D = Time resting spent in this place.
 E = Time spent auto-exploring this place.
 F = Levels seen in this place.
 G = Mean time per level.
                   A        B        C        D        E       F      G
               +--------+--------+--------+--------+--------+-----+--------+
         Total |   3598 |   3348 |    250 |    225 |   2627 |   5 |  719.6 |
       Dungeon |   3598 |   3348 |    250 |    225 |   2627 |   5 |  719.6 |
               +--------+--------+--------+--------+--------+-----+--------+

Top non-repeatable levels by time:
     D:1: 1283 daAuts
     D:3: 1110 daAuts
     D:2: 838 daAuts
     D:4: 307 daAuts
     D:5: 58 daAuts
